 Dungeon Crawl Stone Soup version 0.19.1-28-ge1247f7 (webtiles) character file.

440 kae the Slasher (level 6, -3/56 HPs)
             Began as a Minotaur Fighter on Jan 21, 2017.
             Slain by an ogre
             ... wielding a +0 giant club
              (15 damage)
             ... on level 4 of the Dungeon.
             The game lasted 00:02:06 (2595 turns).

kae the Slasher (Minotaur Fighter)                  Turns: 2595, Time: 00:02:07

Health: -3/56      AC:  8    Str: 21    XL:     6   Next: 70%
Magic:  5/5        EV:  7    Int:  7    God:
Gold:   147        SH:  9    Dex:  9    Spells: 0 memorised, 5 levels left

rFire  . . .     SeeInvis .     a - +1 long sword
rCold  . . .     Gourm    .     b - +1 scale mail
rNeg   . . .     Faith    .     c - +0 shield
rPois  .         Spirit   .     (helmet restricted)
rElec  .         Reflect  .     (no cloak)
rCorr  .         Harm     .     (no gloves)
MR     .....                    (no boots)
Stlth  ..........               m - amulet of rage
                                (no ring)
                                (no ring)

@: no status effects
A: retaliatory headbutt, horns 2
a: Evoke Berserk Rage


You were on level 4 of the Dungeon.
You were near starving.

You visited 1 branch of the dungeon, and saw 4 of its levels.

You collected 147 gold pieces.

Inventory:

Hand Weapons
 a - a +1 long sword (weapon)
Armour
 b - a +1 scale mail (worn)
 c - a +0 shield (worn)
Jewellery
 m - an amulet of rage (around neck)
Wands
 t - a wand of confusion (17/48)
Scrolls
 d - a scroll of identify
 i - a scroll of remove curse
 k - a scroll of amnesia
Potions
 g - a potion of invisibility {unknown}
 j - 6 potions of curing
 n - 2 potions of heal wounds {unknown}
 o - a potion of cancellation {unknown}
 p - 2 potions of berserk rage
 r - a potion of lignification {unknown}
Comestibles
 f - a bread ration


   Skills:
 + Level 5.3 Fighting
 * Level 6.5 Long Blades
 + Level 5.5 Armour
 - Level 3.6 Shields


You had 5 spell levels left.
You didn't know any spells.

Dungeon Overview and Level Annotations

Branches:
Dungeon (4/15)
 Temple: D:4-7

Altars:


Innate Abilities, Weirdness & Mutations

You reflexively headbutt those who attack you in melee.
You have a pair of horns on your head.


Message History

You are too injured to fight recklessly!
You slash the ogre!
The ogre is heavily wounded.
The ogre barely misses you.
You hit the ogre.
The ogre is severely wounded.
You barely miss the ogre.
The ogre is severely wounded.
The ogre hits you with a giant club!
You hit the ogre. Your headbutt misses the ogre.
The ogre is severely wounded.
The ogre hits you with a giant club!
* * * LOW HITPOINT WARNING * * *
You barely miss the ogre. You headbutt the ogre.
The ogre is severely wounded.
The ogre barely misses you. You furiously retaliate!
You headbutt the ogre.
Your shield and scale mail prevent you from hitting the ogre.
The ogre is severely wounded.
The ogre hits you with a giant club!
You die...

...........#
..........#
O........###
..........#
.......#.# #
.........
...
#[#......
.....##O...#
.......@...#
.....###...#
....
#......[.
###
#......##
#......>#
....#≈≈≈.
..##≈≈≈≈≈
#.# ≈≈.≈≈
### ≈≈≈≈≈


You could see an ogre.

Vanquished Creatures
  The ghost of dngmouse the Cudgeler, an amateur MiFi (D:3)
  A black bear (D:3)
  A bullfrog (D:3)
  A howler monkey (D:4)
  4 adders
  2 oozes
  2 worms (D:2)
  A dart slug (D:4)
  3 leopard geckos
  2 orcs
  4 giant cockroaches
  5 hobgoblins (D:2)
  4 jackals (D:3)
  9 bats
  3 frilled lizards
  8 goblins
  4 kobolds (D:1)
  8 rats
63 creatures vanquished.

Notes
Turn   | Place    | Note
-------+----------+-------------------------------------------
     0 | D:1      | kae the Minotaur Fighter began the quest for the Orb.
     0 | D:1      | Reached XP level 1. HP: 19/19 MP: 0/0
     6 | D:1      | Noticed a hog
     6 | D:1      | Noticed a wyvern
     7 | D:1      | Noticed a black mamba
     7 | D:1      | Noticed an iguana
   101 | D:1      | Reached XP level 2. HP: 22/27 MP: 1/1
   117 | D:1      | Reached skill level 3 in Long Blades
   637 | D:2      | Reached XP level 3. HP: 32/33 MP: 2/2
  1179 | D:2      | Reached skill level 4 in Long Blades
  1282 | D:3      | Noticed a bullfrog
  1291 | D:3      | Killed a bullfrog
  1291 | D:3      | Reached XP level 4. HP: 28/41 MP: 3/3
  1315 | D:3      | Reached XP level 5. HP: 32/47 MP: 4/4
  1516 | D:3      | Reached skill level 5 in Long Blades
  1718 | D:3      | Noticed dngmouse's ghost (amateur MiFi)
  2051 | D:3      | Killed dngmouse's ghost
  2051 | D:3      | Reached skill level 5 in Fighting
  2051 | D:3      | Reached skill level 5 in Armour
  2051 | D:3      | Reached XP level 6. HP: 29/56 MP: 5/5
  2566 | D:3      | Reached skill level 6 in Long Blades
  2595 | D:4      | Slain by an ogre

Skill      XL: |  1  2  3  4  5  6 |
---------------+-------------------+-----
Long Blades    | 3 4 5 6 |  6.5
Armour         | 4 5 |  5.5
Fighting       | 4 5 |  5.3
Shields        | |  3.6

Action                   |  1- 3 |  4- 6 || total
-------------------------+-------+-------++-------
Melee: Long sword        |   118 |    78 ||   196
       Headbutt          |    11 |    11 ||    22
  Use: Potion            |       |     1 ||     1
       Scroll            |       |     7 ||     7
  Eat: Chunk             |     1 |     3 ||     4
Armor: Scale mail        |    52 |    34 ||    86
Dodge: Dodged            |    44 |    29 ||    73
Block: Shield            |    53 |    35 ||    88
       Rpst.: Long sword |    12 |     5 ||    17
